 Dungeon Crawl Stone Soup version 0.23-a0-143-g1adec7b (webtiles) character file.

24 galech the Skirmisher (level 2, -2/24 HPs)
             Began as a Demonspawn Monk on Sept 3, 2018.
             Slain by a hobgoblin (3 damage)
             ... on level 1 of the Dungeon.
             The game lasted 00:00:37 (596 turns).

galech the Skirmisher (Demonspawn Monk)              Turns: 596, Time: 00:00:37

Health: -2/24      AC:  2    Str: 11    XL:     2   Next: 79%
Magic:  2/2        EV: 13    Int: 11    God:
Gold:   26         SH:  0    Dex: 15    Spells: 1/1 levels left

rFire    . . .     SeeInvis .   a - +0 hand axe
rCold    . . .     Gourm    .   (no shield)
rNeg     . . .     Faith    .   b - +0 robe
rPois    .         Spirit   .   (no helmet)
rElec    .         Reflect  .   (no cloak)
rCorr    .         Harm     .   (no gloves)
MR       .....                  (no boots)
Stlth    ++........             (no amulet)
HPRegen  0.08/turn              (no ring)
MPRegen  0.08/turn              (no ring)

@: no status effects
A: demonic guardian 1
a: no special abilities


You were on level 1 of the Dungeon.
You were not hungry.

You visited 1 branch of the dungeon, and saw 1 of its levels.

You collected 26 gold pieces.

Inventory:

Hand Weapons
 a - a +0 hand axe (weapon)
Armour
 b - a +0 robe (worn)
Scrolls
 e - 2 scrolls of identify {unknown}
 g - 2 scrolls of remove curse {unknown}
 i - a scroll of blinking {unknown}
 j - a scroll of enchant armour {unknown}
 k - a scroll of fog {unknown}
Potions
 d - a potion of haste {unknown}
 h - a potion of lignification {unknown}
 l - 2 potions of heal wounds {unknown}
 m - a potion of magic {unknown}
Comestibles
 c - 2 rations
 f - 4 chunks of flesh


   Skills:
 + Level 3.2 Fighting
 + Level 3.1 Axes
 + Level 2.9 Dodging
 + Level 2.0 Stealth


You had one spell level left.
You didn't know any spells.
Your spell library was empty.

Dungeon Overview and Level Annotations

Branches:
Dungeon (1/15)

Altars:


Innate Abilities, Weirdness & Mutations

A weak demonic guardian rushes to your aid.


Message History

* * * LOW HITPOINT WARNING * * *
You hit the hobgoblin but do no damage.
The hobgoblin is lightly wounded.
You hit the hobgoblin. The hobgoblin hits you.
* * * LOW HITPOINT WARNING * * *
The hobgoblin hits you with a mace.
* * * LOW HITPOINT WARNING * * *
You hit the hobgoblin.
You kill the hobgoblin!
You closely miss the hobgoblin. The hobgoblin closely misses you.
The hobgoblin barely misses you.
A hobgoblin comes into view.
The hobgoblin shouts!
The hobgoblin closely misses you.
Things that are here:
a mace; a club; a hobgoblin corpse You barely miss the hobgoblin.
The hobgoblin is severely wounded.
The hobgoblin hits you.
You die...

.# ..# ... #.# ##+##
#.#...## ##..!##
#...#..## #!###
##.....###.#......
..g...#g......##...#.##.
#..@.......#.#....#.
.......).......'...#....
..###.......÷..#.#....#.
#.#...>...##.....##.
...##.....####...###.
#### ###...# ##### #.
P.♣#...#.♣♣ #.


PPPPP#...#PP♣ #. PPPPP#...#.. #. You could see 2 hobgoblins.

Vanquished Creatures
  2 dart slugs (D:1)
  2 leopard geckos (D:1)
  5 hobgoblins (D:1)
  A bat (D:1)
  A frilled lizard (D:1)
  2 goblins (D:1)
  A kobold (D:1)
  5 rats (D:1)
19 creatures vanquished.

Notes
Turn   | Place    | Note
-------+----------+-------------------------------------------
     0 | D:1      | galech the Demonspawn Monk began the quest for the Orb.
     0 | D:1      | Reached XP level 1. HP: 18/18 MP: 1/1
   199 | D:1      | Gained mutation: A weak demonic guardian rushes to your
                  | aid. [demonic ancestry]
   199 | D:1      | Reached XP level 2. HP: 21/24 MP: 2/2
   593 | D:1      | HP: 1/24 [hobgoblin/mace (3)]
   596 | D:1      | Slain by a hobgoblin

Vault maps used:
D:1:      minmay_arrival_arboretum_large, minmay_misc_feat_pillars

Skill      XL: |  1  2 |
---------------+-------+-----
Axes           | 3 |  3.1
Stealth        | 2 |  2.0
Fighting       | |  3.2
Dodging        | |  2.9

Action                   || total
-------------------------++-------
Melee: Hand axe          ||    63
 Stab: Sleeping          ||     3
Armor: Robe              ||     4
Dodge: Dodged            ||    41

Table legend:
 A = Non-vault XP
 B = Vault XP
 C = Vault XP percentage of total XP
 D = Non-vault monster count
 E = Vault monster count
 F = Vault count percentage of total count
                 A         B        C        D         E       F
            +---------+---------+-------+---------+---------+-------
      Total |      35 |       0 |   0.0 |      19 |       0 |   0.0
            +---------+---------+-------+---------+---------+-------
        D:1 |      35 |       0 |   0.0 |      19 |       0 |   0.0
            +---------+---------+-------+---------+---------+-------
